 Dungeon Crawl Stone Soup version 0.31-a0-845-g9abc20d24f (webtiles) character file.

Game seed: 12837739385365365317

45 arglypuff the Covert (level 3, -11/35 HPs)
             Began as a Gnoll Delver on Oct 1, 2023.
             Mangled by an ogre
             ... wielding a +0 giant club
              (15 damage)
             ... on level 4 of the Dungeon.
             The game lasted 00:01:44 (307 turns).

arglypuff the Covert (Gnoll Delver)                  Turns: 307, Time: 00:01:45

Health: -11/35     AC:  3    Str: 13    XL:     3   Next: 64%
Magic:  4/4        EV: 18    Int:  9    God:
Gold:   30         SH:  0    Dex: 13    Spells: 3/3 levels left

rFire   . . .        a - +0 falchion
rCold   . . .        (no shield)
rNeg    . . .        b - +0 leather armour
rPois   .            (no helmet)
rElec   .            (no cloak)
rCorr   .            (no gloves)
SInv    .            (no boots)
Will    .....        (no amulet)
Stlth   ++++         h - +5 ring of evasion
HPRegen 0.25/turn    (no ring)
MPRegen 0.09/turn

%: no passive effects
@: no status effects
A: fangs 1, strong nose, distributed training
a: no special abilities


You were on level 4 of the Dungeon.
You visited 1 branch of the dungeon, and saw 3 of its levels.

You collected 30 gold pieces.

Inventory:

Hand Weapons
 a - a +0 falchion (weapon)
Armour
 b - a +0 leather armour (worn)
Jewellery
 h - a +5 ring of evasion (left hand)
Wands
 g - a wand of digging (11)
Scrolls
 c - a scroll of fog
 d - a scroll of revelation
 e - a scroll of fear
 f - a scroll of identify {unknown}


   Skills:
 + Level 6.5 Fighting
 + Level 0.9 Short Blades
 + Level 4.5 Long Blades
 + Level 0.9 Axes
 + Level 0.9 Maces & Flails
 + Level 0.9 Polearms
 + Level 0.9 Staves
 + Level 0.9 Ranged Weapons
 + Level 0.9 Throwing
 + Level 0.9 Armour
 + Level 4.5 Dodging
 + Level 9.6 Stealth
 + Level 0.9 Shields
 + Level 0.9 Unarmed Combat
 + Level 0.9 Spellcasting
 + Level 0.6 Conjurations
 + Level 0.6 Hexes
 + Level 0.6 Summonings
 + Level 0.6 Necromancy
 + Level 0.6 Translocations
 + Level 0.6 Transmutations
 + Level 0.6 Fire Magic
 + Level 0.6 Ice Magic
 + Level 0.6 Air Magic
 + Level 0.6 Earth Magic
 + Level 0.6 Poison Magic
 + Level 1.0 Invocations
 + Level 0.9 Evocations
 + Level 0.7 Shapeshifting


You had 3 spell levels left.
You didn't know any spells.
Your spell library was empty.

Dungeon Overview and Level Annotations

Branches:
Dungeon (6/15)
 Temple: D:4-7

Altars:

Annotations:
D:4 Blork the orc
D:6 Jeremiah


Innate Abilities, Weirdness & Mutations

You have very sharp teeth.
Your uncanny sense of smell can sniff out nearby items.
Your experience applies equally to all skills.


Message History

There is a stone staircase leading down here.
Found a whip.
A goblin comes into view. It is wielding a +0 dagger.
A goblin is nearby!
The helpless goblin fails to defend itself.
You hit the goblin.
You kill the goblin!
No target in view!
No target in view!
Blork the orc comes into view.
He is wielding a +1 heavy hand axe.
Blork the orc is nearby!
Blork the orc is nearby!
You aren't carrying any potions.
There is an open door here.
You open the door.
An ogre comes into view. It is wielding a +0 giant club.
There is an open door here.
The ogre hits you with a +0 giant club! The ogre attacks as it pursues you!
The ogre barely misses you. The ogre completely misses you.
You barely miss the ogre. The ogre closely misses you.
You hit the ogre but do no damage. You hit the ogre but do no damage.
The ogre misses you.
You hit the ogre.
The ogre is lightly wounded.
The ogre closely misses you.
You hit the ogre. You punch the ogre.
The ogre is moderately wounded.
The ogre completely misses you.
You hit the ogre. Your bite misses the ogre.
The ogre is moderately wounded.
You hit the ogre. Your bite misses the ogre.
The ogre is heavily wounded.
The ogre hits you with a +0 giant club!!
Ouch! That really hurt!
* * * LOW HITPOINT WARNING * * *
You hit the ogre. You bite the ogre, but do no damage.
The ogre is severely wounded.
The ogre hits you with a +0 giant club!
You die...

##.........####...##
.........# ##.##
###.#.##.# #.# #
.#.# # #.# # .# #
##'## # .. ##...## #
.# ##.....## # .#
##...O...## ###.#..)
#....@....# >.......
+.........+ ##......
#.........# ..#.#
##.......## .#
##.....## # ##...##
##+##


You could see an ogre.

Vanquished Creatures
  A hound (D:4)
  An adder (D:4)
  3 goblins (D:4)
  A kobold (D:4)
  A ball python (D:4)
7 creatures vanquished.

Notes
Turn   | Place    | Note
-------+----------+-------------------------------------------
     0 | D:5      | Reached skill level 9 in Stealth
     0 | D:5      | arglypuff the Gnoll Delver began the quest for the Orb.
     0 | D:5      | Reached XP level 1. HP: 23/23 MP: 1/1
     6 | D:5      | Noticed a yak
     7 | D:5      | Noticed a yak
     7 | D:5      | Noticed a yak
    29 | D:5      | Noticed a scorpion
    44 | D:6      | Noticed Jeremiah
    85 | D:4      | Noticed a hound
   103 | D:4      | Killed a hound
   104 | D:4      | Reached XP level 2. HP: 27/29 MP: 1/3
   104 | D:4      | Reached XP level 3. HP: 33/35 MP: 1/4
   133 | D:4      | Reached skill level 1 in Invocations
   234 | D:4      | Noticed Blork the orc
   292 | D:4      | Noticed an ogre
   307 | D:4      | Mangled by an ogre

Illustrated notes

Levels and vault maps discovered:
D:4:      layout_loops_corners, mainiacjoe_overflow_six_doors_small,
          nicolae_hepliaklqana_monster_ancestors, makhleb_altar_promises_db,
          minmay_misc_feat_roman, minmay_misc_feat_rows, uniq_blork_the_orc
D:5:      layout_cave_pools, temple_doors_ab
D:6:      layout_basic, uniq_duvessa, uniq_eustachio, uniq_edmund,
          uniq_jeremiah, uniq_maggie

Skill      XL: |  1  2  3 |
---------------+----------+-----
Stealth        | |  9.6
Invocations    | 1 |  1.0
Fighting       | |  6.5
Short Blades   | |  0.9
Long Blades    | |  4.5
Axes           | |  0.9
Maces & Flails | |  0.9
Polearms       | |  0.9
Staves         | |  0.9
Ranged Weapons | |  0.9
Throwing       | |  0.9
Armour         | |  0.9
Dodging        | |  4.5
Shields        | |  0.9
Unarmed Combat | |  0.9
Spellcasting   | |  0.9
Conjurations   | |  0.6
Hexes          | |  0.6
Summonings     | |  0.6
Necromancy     | |  0.6
Translocations | |  0.6
Transmutations | |  0.6
Fire Magic     | |  0.6
Ice Magic      | |  0.6
Air Magic      | |  0.6
Earth Magic    | |  0.6
Poison Magic   | |  0.6
Evocations     | |  0.9
Shapeshifting  | |  0.7

Action                     || total
---------------------------++-------
  Melee: Falchion          ||    36
         Bite              ||     2
         Punch             ||     2
    Use: Potion            ||     1
   Stab: Sleeping          ||     1
 Armour: Leather armour    ||    11
  Dodge: Dodged            ||    25

Table legend: (Time is in decaauts)
 A = Elapsed time spent in this place.
 B = Non-inter-level travel time spent in this place.
 C = Inter-level travel time spent in this place.
 D = Time resting spent in this place.
 E = Time spent auto-exploring this place.
 F = Levels seen in this place.
 G = Mean time per level.
                   A        B        C        D        E       F      G
               +--------+--------+--------+--------+--------+-----+--------+
         Total |    290 |    290 |      0 |      0 |     72 |   3 |   96.7 |
       Dungeon |    290 |    290 |      0 |      0 |     72 |   3 |   96.7 |
               +--------+--------+--------+--------+--------+-----+--------+

Top non-repeatable levels by time:
     D:4: 237 daAuts
     D:5: 51 daAuts
     D:6: 1 daAuts
